cohdb
Replays
Latest Replays
All Replays
Popular Replays
Top Player Replays
Match Explorer
How It Works
Community
CoH3 Stats
Reddit
Sign in to upload your games and track your stats! →
Sign in with Steam
Match 46844512
Unlisted
Match 46844512
Overview
Messages
Build Orders
End
Engineer Squad
Construct Barracks
Selects Armored Battlegroup
Selects Veteran Crews
1⁄4-ton 4x4 Truck
1⁄4-ton 4x4 Truck
Riflemen Squad
Air Support Center
Grasshopper Recon Run
P-47 Strafing Run
M1918 Browning Automatic Rifles
Riflemen Squad
Construct Weapon Support Center
Bazooka Squad
Construct Medical Station
Grasshopper Recon Run
P-47 Dive Bomb
M3 Armored Personnel Carrier
Grenade Package
M3 Armored Personnel Carrier
Grasshopper Recon Run
P-47 Dive Bomb
Riflemen Squad
P-47 Dive Bomb
Riflemen Squad
Bazooka Squad
Grasshopper Recon Run
Construct Tank Depot
P-47 Dive Bomb
Selects Strength in Steel
Selects Seek and Destroy
Selects UNKNOWN (2160077)
Grasshopper Recon Run
P-47 Dive Bomb
Grasshopper Recon Run
P-47 Dive Bomb
M4A3E8 Sherman Easy Eight
Grasshopper Recon Run
Selects Field Repairs
Improved M9 Bazooka Rockets
.30 cal Machine Gun
P-47 Strafing Run
P-47 Dive Bomb
Bazooka Squad
Bazooka Squad
Engineer Squad
Grasshopper Recon Run
M4A3E8 Sherman Easy Eight
P-47 Dive Bomb
Grasshopper Recon Run
P-47 Dive Bomb
P-47 Strafing Run
Selects War Machine
M4A3E8 Sherman Easy Eight
P-47 Strafing Run
Double Sortie
P-47 Strafing Run
.30 cal Machine Gun
Engineer Squad
P-47 Dive Bomb
M4A3E8 Sherman Easy Eight
P-47 Strafing Run
Improved Aircraft Armor
Advanced Air Reconnaissance
Air Supply
P-47 Strafing Run
P-47 Dive Bomb
P-47 Dive Bomb
P-47 Strafing Run
Field Repairs
Henk
water
Shaka
Hirys it's Irys
【PZV】幸运的雪风酱Ciallo~(∠・ω< )⌒★
PrinzEugen28
9BLOOD6R4V3N9
Fugue_Heaven
0
0
Comments
sign in to comment!
No comments posted yet!